 Dungeon Crawl Stone Soup version 0.30.0-10-gfe55d96785 (webtiles) character file.

Game seed: 14632425048015230893

1 JoshKwa the Firebug (level 1, 0/14 HPs)
             Began as a Demigod Fire Elementalist on May 15, 2023.
             Slain by a hobgoblin (5 damage)
             ... on level 1 of the Dungeon.
             The game lasted 00:00:41 (75 turns).

JoshKwa the Firebug (Demigod Fire Elementalist)       Turns: 75, Time: 00:00:42

Health: 0/14       AC:  2    Str:  9    XL:     1   Next: 13%
Magic:  5/5        EV: 12    Int: 17    God:
Gold:   0          SH:  0    Dex: 14    Spells: 2/3 levels left

rFire   . . .        c - +0 whip
rCold   . . .        (no shield)
rNeg    + . .        a - +0 robe
rPois   .            (no helmet)
rElec   .            (no cloak)
rCorr   .            (no gloves)
SInv    .            (no boots)
Will    .....        (no amulet)
Stlth   ++           d - ring of positive energy
HPRegen 0.22/turn    (no ring)
MPRegen 0.09/turn

%: no passive effects
@: no status effects
A: high MP 1, forlorn, divine attributes
a: no special abilities


You were on level 1 of the Dungeon.
You visited 1 branch of the dungeon, and saw 1 of its levels.

Inventory:

Hand Weapons
 c - a +0 whip (weapon)
Armour
 a - a +0 robe (worn)
Jewellery
 d - a ring of positive energy (left hand)
Potions
 b - a potion of magic


   Skills:
 + Level 1.7 Dodging
 + Level 1.9 Stealth
 + Level 1.7 Spellcasting
 + Level 0.8 Conjurations
 + Level 2.6 Fire Magic


You had 2 spell levels left.
You knew the following spells:

 Your Spells              Type           Power      Damage    Failure   Level
a - Foxfire               Conj/Fire      28%        2x1d5     10%         1

Your spell library contained the following spells:

 Spells                   Type           Power      Damage    Failure   Level
 Scorch                   Fire           20%        2d6       10%         2
 Inner Flame              Hex/Fire       6%         N/A       34%         3
 Volatile Blastmotes      Fire/Tloc      12%        2d11      34%         3
 Flame Wave               Conj/Fire      7%         2d5       67%         4


Dungeon Overview and Level Annotations

Branches:
Dungeon (1/15)


Innate Abilities, Weirdness & Mutations

You have an increased reservoir of magic. (+10% MP)
You shall have no god before yourself.
Your divine heritage dramatically boosts your attributes as you level up.


Message History

Welcome, JoshKwa the Demigod Fire Elementalist.
If you return without finding the Orb of Zot, so far below, it's all over!
Press ? for a list of commands and other information.
Found a whip.
Found a staircase leading out of the dungeon.
You see here a +0 whip.
c - a +0 whip (weapon)
You enter the shallow water.
Moving in this stuff is going to be slow.
An endoplasm comes into view.
The endoplasm quivers.
The endoplasm barely misses you.
You hit the endoplasm but do no damage. The endoplasm completely misses you.
You hit the endoplasm.
The endoplasm is heavily wounded.
The endoplasm hits you.
You hit the endoplasm.
The endoplasm is almost dead.
The endoplasm freezes you.
You are frozen.
The endoplasm closely misses you.
You hit the endoplasm.
You kill the endoplasm!
Found a tubular iron ring.
d - a ring of positive energy
d - a ring of positive energy (left hand)
A bat and a hobgoblin come into view.
Found a stone staircase leading down.
A hobgoblin comes into view.
Found 3 scrolls labelled ZUUZUKUUNKE and 8 gold pieces.
The hobgoblin shouts! x2
The hobgoblin barely misses you.
You hit the hobgoblin but do no damage. The hobgoblin closely misses you.
You barely miss the hobgoblin. The hobgoblin closely misses you.
An endoplasm comes into view.
The hobgoblin closely misses you.
You hit the hobgoblin but do no damage. The hobgoblin hits you. x2
You hit the hobgoblin but do no damage. The hobgoblin hits you.
You die...

###....♣♣♣
♣♣...♣♣♣♣♣
##.....♣.
♣♣♣♣....♣♣
#....♣.♣
♣♣♣♣♣..
#..#...♣♣♣♣
♣♣♣
##.###....♣♣♣
♣ ##.##
......♣ #...#
.......
#.#.##g.J#
#.#..@..>#
#.####g..# ..
...# .. ...#
#.. ....# #.b
.?...#
...#...
######$


You could see an endoplasm and 2 hobgoblins.

Vanquished Creatures
  An endoplasm (D:1)
1 creature vanquished.

Notes
Turn   | Place    | Note
-------+----------+-------------------------------------------
     0 | D:1      | JoshKwa the Demigod Fire Elementalist began the quest for
                  | the Orb.
     0 | D:1      | Reached XP level 1. HP: 14/14 MP: 5/5
    75 | D:1      | Slain by a hobgoblin

Illustrated notes

Levels and vault maps discovered:
D:1:      kilobyte_arrival_exit_the_forest, layout_rooms,
          dreamdust_ecumenical_altar_hidden_monk_grotto, serial_shops, shop,
          kennysheep_another_room, nicolae_figureground_pulse

Action                     || total
---------------------------++-------
  Melee: Whip              ||     8
  Dodge: Dodged            ||     7
